 Dungeon Crawl Stone Soup version 0.29.0-4-gdea44cf6ec (webtiles) character file.

Game seed: 331988727963351806

245 qw the Shield-Bearer (level 6, 0/37 HPs)
             Began as a Gargoyle Fighter on Sept 9, 2022.
             Slain by Blork the orc
             ... wielding a +2 flail of holy wrath
              (4 damage)
             ... on level 4 of the Dungeon.
             The game lasted 00:01:10 (2571 turns).

qw the Shield-Bearer (Gargoyle Fighter)             Turns: 2571, Time: 00:01:10

Health: 0/37       AC: 15    Str: 21    XL:     6   Next: 10%
Magic:  6/6        EV:  8    Int:  9    God:
Gold:   149        SH:  8    Dex:  9    Spells: 5/5 levels left

rFire   . . .      SeeInvis .   Y - +0 war axe
rCold   . . .      Faith    .   a - +0 kite shield {AC+3}
rNeg    + . .      Spirit   .   b - +0 scale mail
rPois   inf        Reflect  .   i - +0 helmet
rElec   +          Harm     .   (no cloak)
rCorr   .          Rampage  .   (no gloves)
Will    +....                   (no boots)
Stlth   ..........              (no amulet)
HPRegen 0.12/turn               j - ring of willpower
MPRegen 0.10/turn               (no ring)

@: no status effects
A: sickness immunity, AC +4, negative energy resistance 1, electricity
resistance, torment resistance 1, petrification resistance
a: no special abilities


You were on level 4 of the Dungeon.
You visited 1 branch of the dungeon, and saw 4 of its levels.

You collected 149 gold pieces.


Innate Abilities, Weirdness & Mutations

You are immune to sickness and miasma.
Your stone body is resilient. (AC +4)
You are immune to poison.
You resist negative energy. (rN+)
You are resistant to electric shocks. (rElec)
You are resistant to unholy torment.
You are immune to petrification.


   Skills:
 - Level 3.2 Fighting
 + Level 4.3 Axes
 - Level 1.2 Throwing
 - Level 3.2 Armour
 - Level 5.0 Shields


You had 5 spell levels left.
You didn't know any spells.
Your spell library was empty.

Inventory:

Hand Weapons
 n - a +0 flail
 Y - a +0 war axe (weapon)
Missiles
 m - a javelin (quivered)
Armour
 a - a +0 kite shield of protection (worn)
 b - a +0 scale mail (worn)
 i - a +0 helmet (worn)
Jewellery
 j - a ring of willpower (left hand)
Scrolls
 f - 2 scrolls of identify
Potions
 c - a potion of resistance
 d - a potion of might
 e - 2 potions of cancellation {unknown}
 g - a potion of haste {unknown}
 h - a potion of mutation {unknown}
 k - a potion of berserk rage {unknown}
 l - a potion of curing {unknown}

Dungeon Overview and Level Annotations

Branches:
Dungeon (4/15)
 Temple: D:4-7

Altars:

Annotations:
D:4 Blork the orc


Message History

You now have 149 gold pieces (gained 14).
You hear the quick hiss of a distant avalanche of sand.
Found 3 stones.
Enter note: Blork the orc comes into view.
He is wielding a +2 flail of holy wrath.
Blork the orc shouts!
Blork the orc casts a spell.
Blork the orc seems to speed up.
2561 ||| Stepping ~*~*~tactically~*~*~ (hiding).
Blork the orc casts a spell at you. The magic dart hits you.
You barely miss Blork the orc.
Blork the orc hits you but does no damage. x2
You barely miss Blork the orc. You block Blork the orc's attack. x2
You closely miss Blork the orc.
Blork the orc looks braver for a moment.
Blork the orc completely misses you.
You barely miss Blork the orc. You block Blork the orc's attack.
Blork the orc hits you with a +2 flail of holy wrath!
You hit Blork the orc.
Blork the orc is lightly wounded.
Blork the orc screams, "I'm much stronger than you!"
Blork the orc points at you and mumbles some strange words.
The magic dart hits you but does no damage.
Blork the orc hits you with a +2 flail of holy wrath!
Blork the orc hits you with a +2 flail of holy wrath.
You slash Blork the orc!
Blork the orc is heavily wounded.
Blork the orc looks encouraged for a moment.
Blork the orc barely misses you.
You hit Blork the orc but do no damage.
Blork the orc is heavily wounded.
Blork the orc barely misses you.
Blork the orc hits you with a +2 flail of holy wrath.
You hit Blork the orc.
Blork the orc is severely wounded.
Blork the orc hits you with a +2 flail of holy wrath.
You die...

#....####........#......##
#. #...##
#..##......###.## ##
##...# #.#####...##
##.#####. .#...## ..#
##...# #....#.. ...<..#
#....# #......# ...).....#
##.##.## ##..##.##
#..........
#..###.###..###..#
#....##..... ##.##
#..##..# . # #..#.. ..###
#.@# ##....###. ..###.. .#
#.o## #.....# .. #. .# ##.
#.........# .# .. ..
........###..#
...#........# ...
..##..##...... .. ..# #.#
###..(.. ## ..# .. #.###..


You could see Blork the orc (fast).

Vanquished Creatures
  A scorpion (D:3)
  A hound (D:3)
  Jessica (D:3)
  3 adders
  4 gnolls (D:4)
  5 worms
  2 dart slugs
  An orc (D:4)
  4 endoplasms
  3 giant cockroaches
  3 goblins
  5 hobgoblins
  2 quokkas
  3 ball pythons
  3 bats
  A frilled lizard (D:2)
  9 kobolds
  2 rats
53 creatures vanquished.

Notes
Turn   | Place    | Note
-------+----------+-------------------------------------------
     0 | D:1      | qw the Gargoyle Fighter began the quest for the Orb.
     0 | D:1      | Reached XP level 1. HP: 14/14 MP: 1/1
     0 | D:1      | 0 ||| qw: Version: 0.1-a-113-g051387a
     0 | D:1      | 0 ||| qw: Game counter: 7140
     0 | D:1      | 0 ||| qw: Always use a shield: true
     0 | D:1      | 0 ||| qw: God list: Okawaru
     0 | D:1      | 0 ||| qw: Allow faded altars: false
     0 | D:1      | 0 ||| qw: Do Orc after D:15 true
     0 | D:1      | 0 ||| qw: Do second Lair branch before Depths: true
     0 | D:1      | 0 ||| qw: Lair rune preference: random
     0 | D:1      | 0 ||| qw: Plans: Normal, Zot, God:TSO, Crypt, Tomb, Zig,
                  | Orb
     0 | D:1      | 0 ||| PLANNING D:1-11
   682 | D:1      | Reached XP level 2. HP: 19/19 MP: 2/2
   771 | D:1      | 771 ||| DROPPING orb of guile.
   772 | D:1      | 772 ||| UPGRADING to ring of willpower.
   773 | D:1      | 773 ||| READING scroll labelled KAOSUNKIMI.
   773 | D:1      | Identified a scroll of acquirement
   773 | D:1      | 773 ||| ACQUIRING +0 kite shield of protection
   773 | D:1      | Acquired a +0 kite shield of protection
   775 | D:1      | 775 ||| UPGRADING to +0 kite shield of protection.
   785 | D:1      | 785 ||| DROPPING +0 buckler.
   786 | D:1      | 786 ||| READING scroll labelled ETERPH INNAONUSH.
   787 | D:1      | 787 ||| READING scroll labelled AHAOGON JOEL.
   974 | D:2      | 974 ||| FLEEEEING.
   975 | D:2      | 975 ||| FLEEEEING.
   985 | D:2      | 985 ||| STAIRDANCE
  1106 | D:2      | Reached skill level 3 in Axes
  1106 | D:2      | Reached XP level 3. HP: 23/23 MP: 3/3
  1127 | D:2      | 1127 ||| FLEEEEING.
  1128 | D:2      | 1128 ||| FLEEEEING.
  1129 | D:2      | 1129 ||| FLEEEEING.
  1130 | D:2      | 1130 ||| FLEEEEING.
  1131 | D:2      | 1131 ||| FLEEEEING.
  1132 | D:2      | 1132 ||| Stepping ~*~*~tactically~*~*~ (hiding).
  1142 | D:2      | 1142 ||| Stepping ~*~*~tactically~*~*~ (stealth).
  1183 | D:2      | 1183 ||| FLEEEEING.
  1184 | D:2      | 1184 ||| Stepping ~*~*~tactically~*~*~ (stealth).
  1227 | D:2      | Found a faded altar of an unknown god.
  1560 | D:2      | 1560 ||| UPGRADING to +0 helmet.
  1565 | D:2      | 1565 ||| READING 2 scrolls of identify.
  1565 | D:2      | 1565 ||| IDENTIFYING dark potion
  1566 | D:2      | 1566 ||| DROPPING potion of brilliance.
  1600 | D:3      | Reached skill level 4 in Shields
  1600 | D:3      | 1600 ||| STAIRDANCE
  1692 | D:3      | Reached XP level 4. HP: 28/28 MP: 4/4
  1709 | D:3      | 1709 ||| Stepping ~*~*~tactically~*~*~ (stealth).
  1710 | D:3      | 1710 ||| Stepping ~*~*~tactically~*~*~ (stealth).
  1748 | D:3      | Noticed Jessica
  1750 | D:3      | Killed Jessica
  1751 | D:3      | Reached skill level 1 in Throwing
  1868 | D:3      | 1868 ||| Stepping ~*~*~tactically~*~*~ (stealth).
  1869 | D:3      | 1869 ||| Stepping ~*~*~tactically~*~*~ (stealth).
  2057 | D:3      | 2057 ||| Stepping ~*~*~tactically~*~*~ (stealth).
  2069 | D:3      | Reached XP level 5. HP: 32/32 MP: 5/5
  2094 | D:3      | 2094 ||| READING scroll labelled GAIRURGH CAGHON.
  2098 | D:3      | 2098 ||| READING scroll labelled OLOSICW BUINI.
  2099 | D:3      | 2099 ||| READING scroll labelled FEGOZO IKLOCA.
  2100 | D:3      | 2100 ||| READING 2 scrolls of identify.
  2100 | D:3      | 2100 ||| IDENTIFYING yellow potion
  2106 | D:4      | 2106 ||| PLANNING OSSUARY
  2110 | D:4      | 2110 ||| STAIRDANCE
  2204 | D:4      | 2204 ||| STAIRDANCE
  2338 | D:4      | Reached skill level 5 in Shields
  2338 | D:4      | Reached XP level 6. HP: 31/37 MP: 6/6
  2462 | D:4      | 2462 ||| DROPPING +0 mace.
  2560 | D:4      | Noticed Blork the orc
  2561 | D:4      | 2561 ||| Stepping ~*~*~tactically~*~*~ (hiding).
  2568 | D:4      | HP: 9/37 [Blork the orc/+2 flail of holy wrath (4)]
  2570 | D:4      | HP: 4/37 [Blork the orc/+2 flail of holy wrath (5)]
  2571 | D:4      | Slain by Blork the orc

Levels and vault maps discovered:
D:1:      giann_horns, layout_loops_corners
D:2:      layout_rooms, ebering_ecumenical_altar_rust
D:3:      layout_rooms, minmay_misc_feat_diagonals, uniq_jessica
D:4:      layout_layer_cave, lemuel_doored_altar, mainiacjoe_overflow_brackets,
          serial_shops, shop, nicolae_ossuary_entry_giza, uniq_blork_the_orc

Skill      XL: |  1  2  3  4  5 |
---------------+----------------+-----
Axes           | 2 3 4 |  4.3
Shields        | 4 5 |  5.0
Throwing       | 1 |  1.2
Fighting       | |  3.2
Armour         | |  3.2

Action                   |  1- 3 |  4- 6 || total
-------------------------+-------+-------++-------
Melee: War axe           |    71 |    73 ||   144
Throw: Javelin           |       |    10 ||    10
  Use: Scroll            |     4 |     4 ||     8
Armor: Scale mail        |    30 |    38 ||    68
Dodge: Dodged            |    22 |    22 ||    44
Block: Buckler           |     3 |       ||     3
       Kite shield       |    13 |    46 ||    59

Table legend:
 A = Non-vault XP
 B = Vault XP
 C = Vault XP percentage of total XP
 D = Non-vault monster count
 E = Vault monster count
 F = Vault count percentage of total count
                 A         B        C        D         E       F
            +---------+---------+-------+---------+---------+-------
      Total |     314 |      37 |  10.5 |      52 |       1 |   1.9
            +---------+---------+-------+---------+---------+-------
        D:1 |      11 |       0 |   0.0 |       7 |       0 |   0.0
        D:2 |      52 |       0 |   0.0 |      17 |       0 |   0.0
        D:3 |     191 |      37 |  16.2 |      22 |       1 |   4.3
        D:4 |      60 |       0 |   0.0 |       6 |       0 |   0.0
            +---------+---------+-------+---------+---------+-------
